 Dungeon Crawl Stone Soup version 0.19-a0-1532-g228a5d9 (webtiles) character file.

66941 epen the Spry (level 15, -5/124 HPs)
             Began as a Merfolk Monk on Sept 13, 2016.
             Was a High Priest of Cheibriados.
             Slain by an ettin
             ... wielding a +0 dire flail
              (43 damage)
             ... on level 2 of the Orcish Mines.
             The game lasted 00:45:57 (28521 turns).

epen the Spry (Merfolk Monk)                       Turns: 28521, Time: 00:45:58

Health: -5/124     AC: 11    Str: 26    XL:     15   Next: 21%
Magic:  35/35      EV: 31    Int: 28    God:    Cheibriados [*****.]
Gold:   1710       SH:  0    Dex: 34    Spells: 1 memorised, 27 levels left

rFire  + . .     SeeInvis .       - Unarmed
rCold  . . .     Gourm    .     u - +3 leather armour {rF+}
rNeg   . . .     Faith    +     (no shield)
rPois  +         Spirit   .     T - +0 hat of the Three Wars {rElec rPois rC- MR-}
rElec  +         Dismiss  .     y - +1 cloak
rCorr  .         Reflect  .     w - +0 pair of gloves
MR     .....     Harm     .     Z - +1 pair of boots {Fly}
Stlth  ++++......               W - amulet of faith
                                Y - ring of protection from cold
                                E - ring of magical power

@: flying, repel missiles, very slow
A: change form in water, swift swim, stealthy swim, thin skeletal structure 1
a: Bend Time, Temporal Distortion, Slouch, Step From Time, Renounce Religion,
Stop Flying


You were on level 2 of the Orcish Mines.
You worshipped Cheibriados.
Cheibriados was extremely pleased with you.
You were not hungry.

You visited 4 branches of the dungeon, and saw 21 of its levels.
You also visited: Ossuary and Bailey.

You collected 1941 gold pieces.
You spent 231 gold pieces at shops.

Inventory:

Missiles
 v - 3 throwing nets (quivered)
Armour
 k - a +0 gold dragon armour
 u - a +3 leather armour of fire resistance (worn)
 w - a +0 pair of gloves (worn)
 y - a +1 cloak (worn)
 N - a mottled dragon hide
 T - the +0 hat of the Three Wars (worn) {rElec rPois rC- MR-}
   (You acquired it on level 6 of the Lair of Beasts)

   It makes you vulnerable to cold.
   It insulates you from electricity.
   It protects you from poison.
   It affects your resistance to hostile enchantments.
 Z - a +1 pair of boots of flying (worn)
Jewellery
 a - an uncursed ring of positive energy
 e - an uncursed amulet of magic regeneration
 s - a +4 amulet of reflection
 E - a ring of magical power (left hand)
 K - an uncursed ring of ice
 O - an uncursed ring of fire
 W - an amulet of faith (around neck)
 Y - a ring of protection from cold (right hand)
Wands
 r - a wand of lightning (9/15)
 R - a wand of teleportation (5/9)
 S - a wand of digging (5/24)
Scrolls
 j - a scroll of acquirement
 o - 2 scrolls of fog
 p - 3 scrolls of teleportation
 q - 2 scrolls of remove curse
 t - 2 scrolls of identify
 A - 3 scrolls of blinking
 D - a scroll of enchant weapon
 F - 2 scrolls of enchant armour
 H - 3 scrolls of fear
 V - a scroll of recharging
Potions
 c - 4 potions of cure mutation
 d - 4 potions of agility
 f - 4 potions of might
 l - 5 potions of flight
 n - 9 potions of curing
 x - 5 potions of invisibility
 z - 3 potions of resistance
 C - a potion of heal wounds
 G - 3 potions of magic
 M - a potion of ambrosia
 P - a potion of mutation {unknown}
Books
 g - a book of the Warp

   Spells                             Type                      Level
   a - Gell's Gravitas                Hexes/Translocation          3
   b - Force Lance                    Conjuration/Translocation    4
   c - Summon Forest                  Summoning/Translocation      5
   d - Dispersal                      Translocation                6
   e - Controlled Blink               Translocation                8
   f - Disjunction                    Translocation                8
 I - a book of Conjurations

   Spells                             Type                      Level
   a - Magic Dart                     Conjuration                  1
   b - Searing Ray                    Conjuration                  2
   c - Dazzling Spray                 Conjuration/Hexes            3
   d - Fulminant Prism                Conjuration/Hexes            4
   e - Iskenderun's Mystic Blast      Conjuration                  4
   f - Iskenderun's Battlesphere      Conjuration/Charms           5
 L - a book of Death

   Spells                             Type                      Level
   a - Corpse Rot                     Necromancy                   2
   b - Sublimation of Blood           Necromancy                   2
   c - Agony                          Necromancy                   5
   d - Dispel Undead                  Necromancy                   5
   e - Excruciating Wounds            Charms/Necromancy            5
   f - Bolt of Draining               Conjuration/Necromancy       5
 Q - a Young Poisoner's Handbook

   Spells                             Type                      Level
   a - Sting                          Conjuration/Poison           1
   b - Mephitic Cloud                 Conjuration/Poison/Air       3
   c - Olgreb's Toxic Radiance        Poison                       4
   d - Alistair's Intoxication        Transmutation/Poison         5
   e - Venom Bolt                     Conjuration/Poison           5
Miscellaneous
 U - 2 boxes of beasts
 X - a phial of floods
Comestibles
 b - 12 bread rations
 h - 9 fruits
 i - 12 meat rations
 m - 11 beef jerkies
 B - a chunk of flesh
 J - 3 slices of pizza


   Skills:
 + Level 13.6 Fighting
 + Level 15.5 Dodging
 - Level 2.1 Stealth
 + Level 13.6 Unarmed Combat
 - Level 7.9 Spellcasting
 + Level 0.9 Charms
 + Level 0.8 Air Magic
 * Level 13.3 Invocations
 - Level 5.0 Evocations


You had 27 spell levels left.
You knew the following spells:

 Your Spells              Type           Power        Failure   Level  Hunger
a - Repel Missiles        Chrm/Air       ###...       10%         2    None


Dungeon Overview and Level Annotations

Branches:
Dungeon (12/15)            Temple (1/1) D:7            Lair (6/6) D:9
  Swamp (0/4) Lair:3        Snake (0/4) Lair:3        Slime (0/5) Lair:6
    Orc (2/2) D:12            Elf (0/3) Orc:2

Altars:
Ashenzari
Cheibriados
Dithmenos
Elyvilon
Fedhas
Gozag
Kikubaaqudgha
Makhleb
Nemelex Xobeh
Okawaru
Qazlal
Ru
Sif Muna
Trog
Uskayaw
Vehumet
Xom
Yredelemnul
Zin
The Shining One
Jiyva

Shops:
D:4 =   D:5 *   D:6 *(?}(   D:10 [   D:11 *   Orc:2 =[

Annotations:
D:8 1 exclusion
D:12 exclusions: obsidian statue and orange crystal statue
Lair:4 exclusion: oklob plant


Innate Abilities, Weirdness & Mutations

You revert to your normal form in water.
You are very nimble and swift while swimming.
You are very stealthy in the water.
You have a somewhat thin skeletal structure. (Dex +2, Stealth)


Message History

You punch the ettin!
The ettin is lightly wounded.
The ettin completely misses you. The ettin closely misses you.
You hit the ettin but do no damage.
The ettin is lightly wounded.
You hit the ettin.
The ettin is lightly wounded.
The ettin hits you with a dire flail! The ettin completely misses you.
You hit the ettin but do no damage.
The ettin is lightly wounded.
The ettin completely misses you. The ettin hits you with a dire flail!!
You punch the ettin!
The ettin is moderately wounded.
You pummel the ettin!!
The ettin is severely wounded.
The ettin hits you with a dire flail!! x2
You punch the ettin!
The ettin is almost dead.
The ettin completely misses you. The ettin hits you with a dire flail!!!
You die...

##.........#..... .##
#....(P((........ ...#
###...P.P.P.......
....###.##...P..P.P.#.#.
.....#...#...........##.
......P..............#
.....PP...P....∩.....#
.....PC....P......PP...
......C@.........8...#.
..∩...C............P#.#
.....P.................
....8P............###.#
P...PP......#.##### ##
.P...........##
.....##.....## .....
.#.#.##


You could see an ettin and 2 cyclopes.

Vanquished Creatures
  A stone giant (Orc:2)
  Snorg (Lair:3)
  7 hydras
  A merfolk avatar (Lair:6)
  10 death yaks
  The ghost of sergedm the Thaumaturge, a novice DECj of Vehumet (D:10)
  3 sea snakes (Lair:6)
  4 unseen horrors
  3 hill giants
  7 griffons (Lair:6)
  2 orc knights (Orc:1)
  3 ugly things
  2 cyclopes (Orc:2)
  2 manticores
  Maurice (D:10)
  8 elephants
  5 black mambas
  A gargoyle (D:12)
  15 spiny frogs
  2 kobold demonologists (Bailey)
  5 rime drakes
  6 komodo dragons
  A troll (D:12)
  2 polar bears (Lair:6)
  A wind drake (Lair:6)
  A two-headed ogre (Orc:1)
  Prince Ribbit (D:9)
  A dream sheep (D:8)
  17 blink frogs
  A boulder beetle (Lair:4)
  3 wyverns
  29 yaks
  4 basilisks
  8 hippogriffs
  2 wargs (Orc:1)
  A mottled dragon (D:10)
  A steam dragon (D:12)
  Edmund (D:3)
  18 water moccasins
  14 porcupines
  2 ice beasts
  3 sky beasts
  7 black bears
  3 swamp drakes
  25 orc warriors
  A phantom (D:9)
  3 wasps (Lair:6)
  12 wolves
  5 ogres
  A necrophage (Orc:1)
  6 centaurs
  6 big kobolds
  20 crocodiles
  Blork the orc (D:4)
  27 giant frogs
  4 water moccasin zombies (Ossuary)
  2 scorpions
  5 killer bees (D:10)
  7 electric eels
  8 wights (D:10)
  6 howler monkeys
  5 jellies
  7 crimson imps
  3 centaur zombies
  11 hounds
  A quasit (D:10)
  2 centaur skeletons
  A giant frog zombie (D:12)
  12 orc priests
  Jessica (D:3)
  2 giant frog skeletons
  21 orc wizards
  13 iguanas
  5 worker ants
  Ijyb (D:3)
  A killer bee zombie (D:9)
  2 big kobold zombies (Ossuary)
  A hound zombie (D:8)
  A hound skeleton (D:11)
  2 mummies (Ossuary)
  A howler monkey zombie (D:8)
  A howler monkey skeleton (D:9)
  25 gnolls
  11 adders
  63 river rats
  2 shadow imps (D:12)
  An ooze (D:2)
  An adder skeleton (D:8)
  5 adder zombies
  3 worms
  A dart slug (D:1)
  10 giant geckos
  80 orcs
  6 giant cockroaches
  15 goblins
  17 hobgoblins
  8 jackals
  A quokka (D:10)
  3 ball pythons
  7 bats
  A giant gecko skeleton (D:4)
  7 giant newts
  6 gnoll zombies (Ossuary)
  4 hobgoblin zombies (Ossuary)
  A jackal zombie (D:5)
  19 kobolds
  7 kobold zombies (Ossuary)
  9 orc zombies (Ossuary)
  2 quokka skeletons
  A quokka zombie (D:6)
  5 rats
765 creatures vanquished.

Vanquished Creatures (others)
  A quasit (D:10)
  A kobold (D:10)
  A bush (Lair:4)
  12 fungi
  13 plants
28 creatures vanquished.

Grand Total: 793 creatures vanquished

Notes
Turn   | Place    | Note
-------+----------+-------------------------------------------
     0 | D:1      | epen the Merfolk Monk began the quest for the Orb.
     0 | D:1      | Reached XP level 1. HP: 18/18 MP: 1/1
   182 | D:1      | Reached XP level 2. HP: 24/24 MP: 2/2
   774 | D:1      | Reached XP level 3. HP: 29/29 MP: 3/3
  1367 | D:2      | Reached XP level 4. HP: 27/37 MP: 4/4
  1841 | D:3      | Noticed Jessica
  1848 | D:3      | Killed Jessica
  1848 | D:3      | Reached skill level 5 in Dodging
  1999 | D:3      | Reached XP level 5. HP: 42/42 MP: 5/5
  2016 | D:3      | Found an opulent altar of Gozag.
  2324 | D:3      | Noticed Ijyb
  2382 | D:3      | Killed Ijyb
  3188 | D:4      | Found a sand-covered staircase.
  3191 | D:4      | Noticed Blork the orc
  3197 | Ossuary  | Entered an ossuary
  3274 | Ossuary  | Reached skill level 5 in Unarmed Combat
  3274 | Ossuary  | Reached XP level 6. HP: 39/50 MP: 6/6
  3300 | Ossuary  | Reached skill level 5 in Fighting
  3300 | Ossuary  | Reached skill level 6 in Dodging
  3768 | Ossuary  | Reached XP level 7. HP: 28/56 MP: 7/7
  4124 | D:4      | Killed Blork the orc
  4367 | D:4      | Found Nonu's Jewellery Shop.
  4458 | D:4      | Reached skill level 7 in Dodging
  4649 | D:4      | Noticed Edmund
  4721 | D:3      | Killed Edmund
  5127 | D:4      | Reached XP level 8. HP: 65/65 MP: 8/8
  5277 | D:4      | Found a shimmering altar of Xom.
  5297 | D:4      | Found a deep blue altar of Sif Muna.
  5360 | D:5      | Entered Level 5 of the Dungeon
  5542 | D:5      | Reached skill level 8 in Dodging
  6372 | D:5      | Found a white marble altar of Elyvilon.
  6412 | D:5      | Found Bofy's Bounteous Boutique.
  6867 | D:6      | Found Uteimye's Weapon Boutique.
  6884 | D:6      | Found Yduosut's Gadget Emporium.
  6974 | D:6      | Reached skill level 9 in Dodging
  6974 | D:6      | Reached XP level 9. HP: 74/74 MP: 9/9
  7001 | D:6      | Found a burning altar of Makhleb.
  7064 | D:6      | Found a shimmering altar of Xom.
  7086 | D:6      | Found Rishrola's General Store.
  7089 | D:6      | Bought a potion of heal wounds for 75 gold pieces
  7121 | D:6      | Found Wufytiecw's Magic Scroll Shop.
  7133 | D:6      | Found Etwagag's Antique Weapon Boutique.
  7237 | D:6      | Bought a scroll of teleportation for 36 gold pieces
  7237 | D:6      | Bought a scroll of blinking for 90 gold pieces
  7752 | D:7      | Found a staircase to the Ecumenical Temple.
  7759 | Temple   | Entered the Ecumenical Temple
  7780 | Temple   | Became a worshipper of Cheibriados the Contemplative
  7780 | Temple   | Reached * piety under Cheibriados
  7780 | Temple   | Reached ** piety under Cheibriados
  7915 | D:7      | Reached skill level 10 in Dodging
  8472 | D:8      | Reached *** piety under Cheibriados
  8970 | D:8      | Reached XP level 10. HP: 83/83 MP: 10/10
  9163 | D:8      | Reached skill level 11 in Dodging
  9623 | D:8      | Gained mutation: You have a somewhat thin skeletal structure. (Dex +2, Stealth) [mutagenic meat]
  9629 | D:8      | Gained mutation: You occasionally shout uncontrollably at your foes. [mutagenic meat]
  9632 | D:8      | Lost mutation: You occasionally shout uncontrollably at your foes. [mutagenic meat]
  9749 | D:8      | Reached **** piety under Cheibriados
  9763 | D:8      | Reached skill level 10 in Unarmed Combat
  9859 | D:8      | Reached skill level 10 in Fighting
 10176 | D:8      | Killed an unseen horror
 10181 | D:8      | Got a jewelled great mace {antimagic}
 10182 | D:8      | Identified the cursed +1 great mace "Ibushraet" {antimagic, *Confuse rC- Str+9 Dex+7} (You took it off a centaur on level 8 of the Dungeon)
 10383 | D:9      | Noticed Prince Ribbit
 10389 | D:9      | Killed Prince Ribbit
 10415 | D:9      | Found an opulent altar of Gozag.
 10415 | D:9      | Found a hide-covered altar of Uskayaw.
 10417 | D:9      | Found a white marble altar of Elyvilon.
 10417 | D:9      | Found an ancient bone altar of Kikubaaqudgha.
 10418 | D:9      | Found a sparkling altar of Nemelex Xobeh.
 10418 | D:9      | Found a basalt altar of Yredelemnul.
 10634 | D:9      | Reached skill level 12 in Dodging
 10729 | D:9      | Reached skill level 1 in Invocations
 10941 | D:9      | Found a staircase to the Lair.
 10957 | D:9      | Reached skill level 1 in Spellcasting
 10966 | D:9      | Reached ***** piety under Cheibriados
 10966 | D:9      | Reached XP level 11. HP: 16/92 MP: 11/13
 11543 | D:10     | Entered Level 10 of the Dungeon
 11732 | D:10     | Noticed a hill giant
 11737 | D:10     | Noticed sergedm's ghost (novice DECj)
 11742 | D:10     | Killed a hill giant
 11751 | D:10     | HP: 1/92 [sergedm's ghost/orb of energy (4)]
 11771 | D:10     | Found Vesan's Antique Armour Shop.
 12269 | D:10     | Noticed a hill giant
 12277 | D:10     | Killed a hill giant
 12403 | D:10     | Killed sergedm's ghost
 12482 | D:10     | Reached skill level 5 in Invocations
 12551 | D:10     | Killed an unseen horror
 12814 | D:10     | Noticed Maurice
 12838 | D:10     | Killed Maurice
 13044 | D:10     | Reached ****** piety under Cheibriados
 13356 | Lair:1   | Entered Level 1 of the Lair of Beasts
 13423 | Lair:1   | Reached skill level 13 in Dodging
 13558 | Lair:1   | Noticed a six-headed hydra
 13568 | Lair:1   | Killed a six-headed hydra
 13568 | Lair:1   | Reached XP level 12. HP: 28/100 MP: 2/17
 15220 | Lair:2   | Reached skill level 1 in Evocations
 16062 | Lair:2   | Reached skill level 5 in Spellcasting
 16725 | Lair:2   | Noticed a four-headed hydra
 16735 | Lair:2   | Killed a four-headed hydra
 16770 | Lair:3   | Found a staircase to the Swamp.
 17422 | Lair:3   | Reached XP level 13. HP: 108/108 MP: 20/20
 17633 | Lair:3   | Noticed Snorg
 17647 | Lair:3   | Killed Snorg
 17985 | Lair:3   | Found a staircase to the Snake Pit.
 18893 | Lair:4   | Reached skill level 14 in Dodging
 19134 | Lair:4   | Reached skill level 10 in Invocations
 21272 | Lair:5   | Reached skill level 5 in Evocations
 21837 | Lair:6   | Entered Level 6 of the Lair of Beasts
 22041 | Lair:6   | Reached XP level 14. HP: 116/116 MP: 23/23
 22153 | Lair:6   | Paralysed by a wasp for 3 turns
 22846 | Lair:6   | Found a viscous altar of Jiyva.
 22847 | Lair:6   | Found a staircase to the Slime Pits.
 23169 | Lair:6   | Identified a scroll of acquirement
 23170 | Lair:6   | Got a jewelled hat
 23181 | Lair:6   | Identified the +0 hat of the Three Wars {rElec rPois rC- MR-} (You acquired it on level 6 of the Lair of Beasts)
 23816 | Lair:6   | Reached skill level 15 in Dodging
 24092 | Lair:6   | Identified Jedaadish's Incunabulum of Lucky Sinister Magic
 24100 | Lair:6   | Learned a level 2 spell: Repel Missiles
 24158 | Lair:6   | Got a twisted robe
 24160 | Lair:6   | Identified the +1 robe of the Last Beds {Int+2} (You found it on level 6 of the Lair of Beasts)
 24214 | Lair:6   | HP: 5/118 [death yak (18)]
 24990 | D:11     | Found Ikot's Assorted Antiques.
 24998 | D:11     | Bought a scroll labeled MELOR SONANWU for 30 gold pieces
 25059 | D:11     | Got a dazzling leather armour
 25091 | D:11     | Found a flagged portal.
 25100 | Bailey   | Entered a bailey
 25106 | Bailey   | Identified the +1 leather armour of Kavoar {rC+ Str+2 Dex-2} (You found it on level 11 of the Dungeon)
 25318 | Bailey   | Found an iron altar of Okawaru.
 26997 | D:12     | Reached XP level 15. HP: 29/124 MP: 24/26
 27352 | D:12     | Found a staircase to the Orcish Mines.
 27649 | Orc:1    | Entered Level 1 of the Orcish Mines
 28266 | Orc:2    | Entered Level 2 of the Orcish Mines
 28281 | Orc:2    | Found a staircase to the Elven Halls.
 28319 | Orc:2    | Found Vuth's Antique Armour Emporium.
 28509 | Orc:2    | Found Zenem's Jewellery Shoppe.
 28521 | Orc:2    | Slain by an ettin

Vault maps used:
D:1:      mrwooster_arrival_statue_2
D:3:      kennysheep_the_goblin_king,
          nicolae_gozag_cash_rules_everything_around_me, uniq_jessica
D:4:      kennysheep_little_box, kennysheep_mini, serial_shops,
          nicolae_shop_statue_plus, nicolae_ossuary_entry_monument, first_bread,
          uniq_blork_the_orc, uniq_edmund
D:5:      nicolae_alphabet_shops, lemuel_statue_altar
D:6:      nicolae_overflow_crystal_walls, serial_shops, shop_fountains,
          nicolae_shop_statue_plus, shop_statue,
          nicolae_shop_temple_entry_statues_fountains,
          nicolae_shop_behind_doors, basic_altar, kennysheep_generic_room_2
D:8:      hangedman_ranch, kennysheep_decorative_pillar, kennysheep_island_fort
D:9:      grunt_temple_overflow_open, erik_lair_dragon, uniq_prince_ribbit1
D:10:     serial_shops, nicolae_shop_crystal, statue_in_the_mist_lemuel,
          st_stairs_3, minmay_unpleasant_kobolds, uniq_maurice
D:11:     serial_shops, shop, enter_bailey_1
D:12:     erik_orc_1, minmay_more_statues
Temple:   minmay_temple_bridge_abc
Lair:1:   beast_lair_carwin_9, lemuel_fruit_fields
Lair:2:   minmay_holes, st_stairs_4, infiniplex_staircase_pool,
          grunt_megastairs_1
Lair:3:   swamp_mist, dummy_snake_entry, grunt_megastairs_2, uniq_snorg
Lair:4:   dpeg_stationary_puzzle, grunt_megastairs_5
Lair:6:   gammafunk_lair_ancient_temple, dpeg_slime_entry_enclosed_altar,
          minivault_26
Orc:2:    grunt_orc_gardens, grunt_orc_garden, grunt_orc_garden,
          grunt_orc_garden, grunt_orc_garden, mines5_lemuel
Ossuary:  ossuary_tomb_2
Bailey:   bailey_axe_of_yendor_kennysheep, bailey

Skill      XL: |  1  2  3  4  5  6  7  8  9 10 11 12 13 14 15 |
---------------+----------------------------------------------+-----
Unarmed Combat | 4 5 6 8 9 10 11 12 13 | 13.6
Fighting       | 4 5 6 7 9 10 11 12 13 | 13.6
Dodging        | 5 6 7 9 10 12 13 14 15 | 15.5
Invocations    | 2 6 9 11 12 13 | 13.3
Spellcasting   | 1 3 5 6 7 |  7.9
Evocations     | 3 5 |  5.0
Stealth        | |  2.1
Charms         | |  0.9
Air Magic      | |  0.8

Action                   |  1- 3 |  4- 6 |  7- 9 | 10-12 | 13-15 || total
-------------------------+-------+-------+-------+-------+-------++-------
Melee: Unarmed           |   112 |   325 |   577 |   858 |  1113 ||  2985
       Punch             |     2 |    13 |    21 |    89 |   138 ||   263
       Tailslap          |       |       |       |    11 |    13 ||    24
 Cast: Repel Missiles    |       |       |       |       |     2 ||     2
Invok: Slouch            |       |       |       |     8 |    17 ||    25
Evoke: Wand              |       |       |     1 |       |    10 ||    11
       Box of beasts     |       |       |       |       |     1 ||     1
  Use: Scroll            |       |     9 |    13 |     8 |    17 ||    47
       Potion            |       |       |     6 |     1 |       ||     7
 Stab: Sleeping          |     6 |     7 |     9 |    22 |    16 ||    60
       Distracted        |       |       |     3 |     2 |     4 ||     9
  Eat: Chunk             |     1 |     6 |    14 |    20 |    19 ||    60
       Pizza             |       |     1 |       |       |       ||     1
       Royal jelly       |       |       |     1 |       |     1 ||     2
Armor: Robe              |    13 |    12 |       |       |       ||    25
       Leather armour    |       |    55 |   134 |    86 |   128 ||   403
       Ring mail         |       |       |       |    27 |    15 ||    42
       Gold dragon armou |       |       |       |       |    16 ||    16
Dodge: Dodged            |    78 |   208 |   452 |   940 |  1398 ||  3076
       Deflected         |       |       |       |       |     4 ||     4
Block: Other             |       |       |       |       |     3 ||     3
